| TOP OF THE 1ST |
|
Columbia Fireflies batting - Pitching for Altoona Curve : RHP Eric Bourque
|
|
Pitching: RHP Eric Bourque
|
|
|
Batting: SHB Detlef Oursler
|
0-0: Called Strike 0-1: SINGLE (Groundball, 6S, EV 74.4 MPH) (infield hit)
|
|
Batting: RHB Larry Shoop
|
0-0: Ball Detlef Oursler steals 2nd base 1-0: Ball 2-0: Called Strike 2-1: Ball 3-1: Swinging Strike 3-2: Foul Ball, location: 2F 3-2: Base on Balls
|
|
Batting: LHB Tony Leyba
|
0-0: Ball Detlef Oursler steals 3rd base Larry Shoop to second 1-0: Ground out 3-1 (Groundball, 34, EV 83.8 MPH) Detlef Oursler scores Larry Shoop to third
|
|
Batting: LHB Miguel Ramos
|
0-0: Ball 1-0: Ball 2-0: Fly out, F7 (Flyball, 7, EV 90.0 MPH) Runner from 3rd tags up, SCORES, throw by LF
|
|
Batting: RHB Nate Henderson
|
0-0: Foul Ball, location: 2F 0-1: Ball 1-1: Ground out 5-3 (Groundball, 56, EV 84.4 MPH)
|
| Top of the 1st over - 2 runs, 1 hit, 0 errors, 0 left on base; Columbia 2 - Altoona 0 |
| BOTTOM OF THE 1ST |
|
Altoona Curve batting - Pitching for Columbia Fireflies : RHP Raymundo Pato
|
|
Pitching: RHP Raymundo Pato
|
|
|
Batting: LHB Josh Aerni
|
0-0: TRIPLE (Line Drive, 89XD, EV 105.0 MPH)
|
|
Batting: LHB Joe Wise
|
0-0: Ball 1-0: Swinging Strike 1-1: Ball 2-1: Foul Ball, location: 2F 2-2: Ball 3-2: Foul Ball, location: 2F 3-2: Strikes out swinging
|
|
Batting: LHB Phil DeCamp
|
0-0: Fly out, F9 (Flyball, 9D, EV 76.9 MPH) Runner from 3rd tags up, SCORES, no throw by RF
|
|
Batting: RHB Brandon White
|
0-0: Ball 1-0: Foul Ball, location: 2F 1-1: Fly out, F7 (Flyball, 78S, EV 90.6 MPH)
|
| Bottom of the 1st over - 1 run, 1 hit, 0 errors, 0 left on base; Columbia 2 - Altoona 1 |
| TOP OF THE 2ND |
|
Columbia Fireflies batting - Pitching for Altoona Curve : RHP Eric Bourque
|
|
Batting: LHB Dan Bremseth
|
0-0: Called Strike 0-1: SINGLE (Flyball, 78S, EV 96.2 MPH)
|
|
Batting: SHB Jason Evans
|
0-0: Foul Ball, location: 2F 0-1: Called Strike 0-2: Ball 1-2: SINGLE (Line Drive, 78S, EV 103.1 MPH) Dan Bremseth to second
|
|
Batting: SHB Jerry Burrows
|
0-0: Ball 1-0: Ball 2-0: Ball 3-0: Called Strike 3-1: Foul Ball, location: 2F 3-2: Strikes out swinging
|
|
Batting: LHB Zane Kelton
|
0-0: Swinging Strike 0-1: Swinging Strike 0-2: Ball 1-2: Ball 2-2: Ball 3-2: Fly out, F8 (Flyball, 8LM, EV 93.8 MPH)
|
|
Batting: SHB Detlef Oursler
|
0-0: Ball 1-0: Ball 2-0: Ball 3-0: Base on Balls Dan Bremseth to third Jason Evans to second
|
|
Batting: RHB Larry Shoop
|
0-0: Ball 1-0: Foul Ball, location: 2F 1-1: Called Strike 1-2: Strikes out swinging
|
| Top of the 2nd over - 0 runs, 2 hits, 0 errors, 3 left on base; Columbia 2 - Altoona 1 |
| BOTTOM OF THE 2ND |
|
Altoona Curve batting - Pitching for Columbia Fireflies : RHP Raymundo Pato
|
|
Batting: LHB Carlos Vega
|
0-0: Called Strike 0-1: Foul Ball, location: 2F 0-2: Strikes out swinging
|
|
Batting: LHB Mike Handrahan
|
0-0: Ball 1-0: Foul Ball, location: 2F 1-1: Ball 2-1: Swinging Strike 2-2: Ball 3-2: Foul Ball, location: 2F 3-2: Foul Ball, location: 2F 3-2: SINGLE (Groundball, 34D, EV 106.9 MPH)
|
|
Batting: SHB Ronnie Brooks
|
0-0: Grounds into double play, 4-6-3 (Groundball, 4, EV 96.9 MPH)
|
| Bottom of the 2nd over - 0 runs, 1 hit, 0 errors, 0 left on base; Columbia 2 - Altoona 1 |
| TOP OF THE 3RD |
|
Columbia Fireflies batting - Pitching for Altoona Curve : RHP Eric Bourque
|
|
Batting: LHB Tony Leyba
|
0-0: Ball 1-0: Called Strike 1-1: Ball 2-1: Foul Ball, location: 2F 2-2: Ball 3-2: Foul Ball, location: 2F 3-2: Foul Ball, location: 2F 3-2: Ground out 4-3 (Groundball, 4M, EV 90.6 MPH)
|
|
Batting: LHB Miguel Ramos
|
0-0: Foul Ball, location: 2F 0-1: Ball 1-1: Foul Ball, location: 2F 1-2: Ball 2-2: Ball 3-2: Fly out, F9 (Flyball, 9LM, EV 94.4 MPH)
|
|
Batting: RHB Nate Henderson
|
0-0: Fly out, F7 (Flyball, 7, EV 96.9 MPH)
|
| Top of the 3rd over - 0 runs, 0 hits, 0 errors, 0 left on base; Columbia 2 - Altoona 1 |
| BOTTOM OF THE 3RD |
|
Altoona Curve batting - Pitching for Columbia Fireflies : RHP Raymundo Pato
|
|
Batting: RHB Terrence Wilson
|
0-0: Ground out U3 (Groundball, 3, EV 84.4 MPH)
|
|
Batting: RHB Joe Young
|
0-0: Ball 1-0: Ball 2-0: Ball 3-0: Called Strike 3-1: Called Strike 3-2: Foul Ball, location: 2F 3-2: Strikes out looking
|
|
Batting: LHB Josh Aerni
|
0-0: Ball 1-0: Ground out U3 (Groundball, 34, EV 79.4 MPH)
|
| Bottom of the 3rd over - 0 runs, 0 hits, 0 errors, 0 left on base; Columbia 2 - Altoona 1 |
| TOP OF THE 4TH |
|
Columbia Fireflies batting - Pitching for Altoona Curve : RHP Eric Bourque
|
|
Batting: LHB Dan Bremseth
|
0-0: Ground out 4-3 (Groundball, 4, EV 106.9 MPH)
|
|
Batting: SHB Jason Evans
|
0-0: Called Strike 0-1: Called Strike 0-2: Ball 1-2: Ground out 4-3 (Groundball, 4D, EV 84.4 MPH)
|
|
Batting: SHB Jerry Burrows
|
0-0: Ball 1-0: Ball 2-0: Called Strike 2-1: Ground out U3 (Groundball, 3L, EV 83.8 MPH)
|
| Top of the 4th over - 0 runs, 0 hits, 0 errors, 0 left on base; Columbia 2 - Altoona 1 |
| BOTTOM OF THE 4TH |
|
Altoona Curve batting - Pitching for Columbia Fireflies : RHP Raymundo Pato
|
|
Batting: LHB Joe Wise
|
0-0: DOUBLE (Line Drive, 7LM, EV 101.2 MPH)
|
|
Batting: LHB Phil DeCamp
|
0-0: Ground out 4-3 (Groundball, 4, EV 82.5 MPH) Joe Wise to third
|
|
Batting: RHB Brandon White
|
0-0: Ball 1-0: Ball 2-0: Swinging Strike 2-1: Called Strike 2-2: Fly out, F8 (Line Drive, 8LM, EV 94.4 MPH) Runner from 3rd tags up, SCORES, throw by CF
|
|
Batting: LHB Carlos Vega
|
0-0: Ball 1-0: SINGLE (Groundball, 25, EV 68.8 MPH) (infield hit)
|
|
Batting: LHB Mike Handrahan
|
0-0: Ground out 4-3 (Groundball, 4, EV 100.0 MPH)
|
| Bottom of the 4th over - 1 run, 2 hits, 0 errors, 1 left on base; Columbia 2 - Altoona 2 |
| TOP OF THE 5TH |
|
Columbia Fireflies batting - Pitching for Altoona Curve : RHP Eric Bourque
|
|
Batting: LHB Zane Kelton
|
0-0: Foul Ball, location: 2F 0-1: SINGLE (Groundball, 34, EV 106.2 MPH)
|
|
Batting: SHB Detlef Oursler
|
0-0: Fielders Choice at 2nd, 4-6 (Groundball, 4, EV 102.5 MPH)
|
|
Batting: RHB Larry Shoop
|
0-0: Called Strike 0-1: Ball 1-1: Foul Ball, location: 2F 1-2: Fly out, F8 (Flyball, 8RM, EV 78.1 MPH)
|
|
Batting: LHB Tony Leyba
|
0-0: Ball Detlef Oursler is caught stealing 2nd base 2-6
|
| Top of the 5th over - 0 runs, 1 hit, 0 errors, 0 left on base; Columbia 2 - Altoona 2 |
| BOTTOM OF THE 5TH |
|
Altoona Curve batting - Pitching for Columbia Fireflies : RHP Raymundo Pato
|
|
Batting: SHB Ronnie Brooks
|
0-0: Called Strike 0-1: Ball 1-1: Ball 2-1: Ball 3-1: Called Strike 3-2: Ground out U3 (Groundball, 3, EV 93.8 MPH)
|
|
Batting: RHB Terrence Wilson
|
0-0: Called Strike 0-1: Ground out 6-3 (Groundball, 6, EV 91.9 MPH)
|
|
Batting: RHB Joe Young
|
0-0: Ball 1-0: Ball 2-0: Foul Ball, location: 2F 2-1: Ball 3-1: Foul Ball, location: 2F 3-2: DOUBLE (Groundball, 5L, EV 103.8 MPH)
|
|
Batting: LHB Josh Aerni
|
0-0: Foul Ball, location: 2F 0-1: Ball 1-1: Ball 2-1: Ground out 5-3 (Groundball, 56, EV 90.6 MPH)
|
| Bottom of the 5th over - 0 runs, 1 hit, 0 errors, 1 left on base; Columbia 2 - Altoona 2 |
| TOP OF THE 6TH |
|
Columbia Fireflies batting - Pitching for Altoona Curve : RHP Eric Bourque
|
|
Batting: LHB Tony Leyba
|
0-0: SINGLE (Line Drive, 56D, EV 99.4 MPH)
|
|
Batting: LHB Miguel Ramos
|
0-0: Called Strike 0-1: Foul Ball, location: 2F 0-2: Ball 1-2: Strikes out swinging
|
|
Batting: RHB Nate Henderson
|
0-0: Called Strike 0-1: Ball 1-1: Grounds into double play, 5-4-3 (Groundball, 5, EV 108.8 MPH)
|
| Top of the 6th over - 0 runs, 1 hit, 0 errors, 0 left on base; Columbia 2 - Altoona 2 |
| BOTTOM OF THE 6TH |
|
Altoona Curve batting - Pitching for Columbia Fireflies : RHP Raymundo Pato
|
|
Batting: LHB Joe Wise
|
0-0: Ball 1-0: Ball 2-0: Called Strike 2-1: Called Strike 2-2: Ball 3-2: Strikes out swinging
|
|
Batting: LHB Phil DeCamp
|
0-0: Called Strike 0-1: Ball 1-1: Swinging Strike 1-2: Ball 2-2: Ball 3-2: SINGLE (Flyball, 8RS, EV 93.8 MPH)
|
|
Batting: RHB Brandon White
|
0-0: Swinging Strike 0-1: Called Strike 0-2: Ball 1-2: Grounds into double play, 4-6-3 (Groundball, 34, EV 85.0 MPH)
|
| Bottom of the 6th over - 0 runs, 1 hit, 0 errors, 0 left on base; Columbia 2 - Altoona 2 |
| TOP OF THE 7TH |
|
Columbia Fireflies batting - Pitching for Altoona Curve : RHP Eric Bourque
|
|
Batting: LHB Dan Bremseth
|
0-0: Called Strike 0-1: Foul Ball, location: 2F 0-2: Ball 1-2: Ground out 3-1 (Groundball, 34S, EV 91.9 MPH)
|
|
Batting: SHB Jason Evans
|
0-0: Called Strike 0-1: Ball 1-1: Ball 2-1: Foul Ball, location: 2F 2-2: Foul Ball, location: 2F 2-2: Foul Ball, location: 2F 2-2: Strikes out swinging
|
|
Batting: SHB Jerry Burrows
|
0-0: Called Strike 0-1: Ball 1-1: Fly out, F8 (Flyball, 8LXD, EV 96.9 MPH)
|
| Top of the 7th over - 0 runs, 0 hits, 0 errors, 0 left on base; Columbia 2 - Altoona 2 |
| BOTTOM OF THE 7TH |
|
Altoona Curve batting - Pitching for Columbia Fireflies : RHP Raymundo Pato
|
|
Batting: LHB Carlos Vega
|
0-0: Ball 1-0: Called Strike 1-1: Foul Ball, location: 2F 1-2: Ball 2-2: Foul Ball, location: 2F 2-2: Strikes out swinging
|
|
Batting: LHB Mike Handrahan
|
0-0: Ball 1-0: Foul Ball, location: 2F 1-1: Foul Ball, location: 2F 1-2: Strikes out swinging
|
|
Batting: SHB Ronnie Brooks
|
0-0: Called Strike 0-1: Hit by Pitch
|
|
Batting: RHB Terrence Wilson
|
0-0: Fielders Choice at 2nd, 6-4 (Groundball, 56, EV 85.6 MPH)
|
| Bottom of the 7th over - 0 runs, 0 hits, 0 errors, 1 left on base; Columbia 2 - Altoona 2 |
| TOP OF THE 8TH |
|
Columbia Fireflies batting - Pitching for Altoona Curve : RHP Eric Bourque
|
|
Pitching: RHP Greg Adair
|
|
|
Batting: LHB Zane Kelton
|
0-0: Ground out 6-3 (Groundball, 6, EV 89.4 MPH)
|
|
Batting: SHB Detlef Oursler
|
0-0: Ball 1-0: Foul Ball, location: 2F 1-1: Called Strike 1-2: Strikes out swinging
|
|
Pinch Hitting: LHB Bayesa Mundhir
|
0-0: Ball 1-0: Ball 2-0: Foul Ball, location: 2F 2-1: Foul Ball, location: 2F 2-2: Foul Ball, location: 2F 2-2: Strikes out swinging
|
| Top of the 8th over - 0 runs, 0 hits, 0 errors, 0 left on base; Columbia 2 - Altoona 2 |
| BOTTOM OF THE 8TH |
|
Altoona Curve batting - Pitching for Columbia Fireflies : RHP Raymundo Pato
|
|
Now in CF: Jamel Alexander
|
|
|
Now in RF: Jason Evans
|
|
|
Batting: RHB Joe Young
|
0-0: Reached on error, E4 (Groundball, 4, EV 99.4 MPH)
|
|
Batting: LHB Josh Aerni
|
0-0: Sac Bunt to P - play at first, batter OUT! 1-3 Joe Young to second
|
|
Batting: LHB Joe Wise
|
0-0: Ball 1-0: Foul Ball, location: 2F 1-1: Foul Ball, location: 2F 1-2: Fly out, F7 (Flyball, 7D, EV 98.1 MPH) Runner from 2nd tags up, SAFE at 3rd, no throw by LF
|
|
Pitching: RHP Justin Wilkins
|
|
|
Batting: LHB Phil DeCamp
|
0-0: Swinging Strike 0-1: Swinging Strike 0-2: Ball 1-2: Strikes out swinging
|
| Bottom of the 8th over - 0 runs, 0 hits, 1 error, 1 left on base; Columbia 2 - Altoona 2 |
| TOP OF THE 9TH |
|
Columbia Fireflies batting - Pitching for Altoona Curve : RHP Greg Adair
|
|
Pitching: RHP Joe Simanton
|
|
|
Batting: LHB Tony Leyba
|
0-0: Ball 1-0: Swinging Strike 1-1: Ball 2-1: Foul Ball, location: 2F 2-2: Strikes out swinging
|
|
Batting: LHB Miguel Ramos
|
0-0: Ball 1-0: Ball 2-0: Foul Ball, location: 2F 2-1: Fly out, F9 (Flyball, 9, EV 86.9 MPH)
|
|
Batting: RHB Nate Henderson
|
0-0: Called Strike 0-1: Ball 1-1: Ball 2-1: Ball 3-1: Base on Balls
|
|
Batting: LHB Dan Bremseth
|
0-0: Ball 1-0: Fly out, F7 (Flyball, 7D, EV 81.2 MPH)
|
| Top of the 9th over - 0 runs, 0 hits, 0 errors, 1 left on base; Columbia 2 - Altoona 2 |
| BOTTOM OF THE 9TH |
|
Altoona Curve batting - Pitching for Columbia Fireflies : RHP Justin Wilkins
|
|
Batting: RHB Brandon White
|
0-0: Foul Ball, location: 2F 0-1: Ball 1-1: Foul Ball, location: 2F 1-2: Ground out 6-3 (Groundball, 6, EV 97.5 MPH)
|
|
Batting: LHB Carlos Vega
|
0-0: Ground out U3 (Groundball, 3, EV 78.8 MPH)
|
|
Batting: LHB Mike Handrahan
|
0-0: Called Strike 0-1: Ball 1-1: Ball 2-1: Foul Ball, location: 2F 2-2: Strikes out looking
|
| Bottom of the 9th over - 0 runs, 0 hits, 0 errors, 0 left on base; Columbia 2 - Altoona 2 |
| TOP OF THE 10TH |
|
Columbia Fireflies batting - Pitching for Altoona Curve : RHP Joe Simanton
|
|
Batting: SHB Jason Evans
|
0-0: Called Strike 0-1: Foul Ball, location: 2F 0-2: Ball 1-2: Ball 2-2: Foul Ball, location: 2F 2-2: Ground out 6-3 (Groundball, 6, EV 86.9 MPH)
|
|
Batting: SHB Jerry Burrows
|
0-0: Foul Ball, location: 2F 0-1: Ball 1-1: Ball 2-1: Foul Ball, location: 2F 2-2: Foul Ball, location: 2F 2-2: Ball 3-2: Foul Ball, location: 2F 3-2: Fly out, F8 (Flyball, 8LM, EV 79.4 MPH)
|
|
Batting: LHB Zane Kelton
|
0-0: Ground out 5-3 (Groundball, 6S, EV 85.6 MPH)
|
| Top of the 10th over - 0 runs, 0 hits, 0 errors, 0 left on base; Columbia 2 - Altoona 2 |
| BOTTOM OF THE 10TH |
|
Altoona Curve batting - Pitching for Columbia Fireflies : RHP Justin Wilkins
|
|
Pitching: RHP Matt Bennett
|
|
|
Batting: SHB Ronnie Brooks
|
0-0: Ball 1-0: Ball 2-0: Ball 3-0: Swinging Strike 3-1: Called Strike 3-2: Base on Balls
|
|
Batting: RHB Terrence Wilson
|
0-0: Bunt missed! 0-1: Bunted foul 0-2: Ball Balk! Ronnie Brooks to second 1-2: Ball 2-2: SINGLE (Groundball, 56S, EV 65.6 MPH) (infield hit) Ronnie Brooks to third
|
|
Pinch Hitting: LHB Rogelio Nunez
|
0-0: Called Strike 0-1: Fielders Choice attempt at home, Runner SAFE. 3-2 (Groundball, 3S, EV 86.9 MPH)
|
| Bottom of the 10th over - 1 run, 1 hit, 0 errors, 1 left on base; Columbia 2 - Altoona 3 |
|